 Dungeon Crawl Stone Soup version 0.19-a0-1238-gee6bd96 (webtiles) character file.

142 PurpleRed the Conjurer (level 5, -3/28 HPs)
             Began as a Deep Elf Conjurer on Aug 26, 2016.
             Slain by a sky beast (5 damage)
             ... on level 5 of the Dungeon.
             The game lasted 00:07:02 (810 turns).

PurpleRed the Conjurer (Deep Elf Conjurer)           Turns: 810, Time: 00:07:03

Health: -3/28      AC:  5    Str:  5    XL:     5   Next: 3%
Magic:  6/13       EV: 13    Int: 21    God:
Gold:   90         SH:  0    Dex: 15    Spells: 4 memorised, 1 level left

rFire  . . .     SeeInvis +     i - +0 flail
rCold  . . .     Gourm    .     a - +0 robe
rNeg   + . .     Faith    .     (no shield)
rPois  .         Spirit   .     (no helmet)
rElec  .         Dismiss  +     l - +2 cloak
rCorr  .         Reflect  .     (no gloves)
MR     .....     Harm     .     (no boots)
Stlth  ++........               n - amulet of dismissal
                                p - ring of see invisible
                                o - ring of positive energy

@: no status effects
A: no striking features
a: no special abilities


You were on level 5 of the Dungeon.
You were not hungry.

You visited 1 branch of the dungeon, and saw 8 of its levels.

You collected 90 gold pieces.

Inventory:

Hand Weapons
 d - a +0 short sword
 i - a +0 flail (weapon)
 m - a +0 dagger of draining
Armour
 a - a +0 robe (worn)
 l - a +2 cloak (worn)
Magical Staves
 q - an uncursed staff of cold
Jewellery
 n - an amulet of dismissal (around neck)
 o - a ring of positive energy (left hand)
 p - a ring of see invisible (right hand)
Scrolls
 e - 2 scrolls of teleportation
 h - a scroll of recharging
Potions
 g - a potion of curing {unknown}
 j - 2 potions of agility
 k - a potion of flight
Books
 b - a book of Conjurations

   Spells                             Type                      Level
   a - Magic Dart                     Conjuration                  1
   b - Searing Ray                    Conjuration                  2
   c - Dazzling Spray                 Conjuration/Hexes            3
   d - Fulminant Prism                Conjuration/Hexes            4
   e - Iskenderun's Mystic Blast      Conjuration                  4
   f - Iskenderun's Battlesphere      Conjuration/Charms           5
Comestibles
 c - 3 bread rations
 f - 3 fruits


   Skills:
 - Level 2.4 Dodging
 - Level 2.4 Stealth
 + Level 4.6 Spellcasting
 * Level 6.3 Conjurations


You had one spell level left.
You knew the following spells:

 Your Spells              Type           Power        Failure   Level  Hunger
a - Magic Dart            Conj           ####         1%          1    None
b - Searing Ray           Conj           ####..       1%          2    #......
c - Iskenderun's Mystic   Conj           ####....     12%         4    ####...
d - Iskenderun's Battles  Conj/Chrm      ###.....     87%         5    ######.


Dungeon Overview and Level Annotations

Branches:
Dungeon (8/15)
 Temple: D:4-7         Lair: D:8-11

Altars:
Xom

Shops:
D:4 (


Message History

The sky beast closely misses you.
The searing ray hits the sky beast.
The sky beast is severely wounded.
The sky beast closely misses you.
The searing ray hits the sky beast.
The sky beast is almost dead.
You finish channeling your searing ray.
The sky beast hits you. The sky beast shocks you.
* * * LOW HITPOINT WARNING * * *
Casting: Searing Ray
Confirm with . or Enter, or press ? or * to list all spells.
Aiming: Searing Ray
Press: ? - help, Shift-Dir - straight line, f/p - sky beast
Aim: a sky beast (almost dead)
The searing ray hits the sky beast.
The sky beast is almost dead.
The sky beast hits you.
* * * LOW HITPOINT WARNING * * *
The sky beast shocks you.
You die...

####### .....># ......#
##### .
.....###+####...# ..
##...##.....#...##+##...
#....<#.....#...#.......
#.....#.....#...#.......
#.....#.....#...#Y......
##..#.......#'#.@.......
#########......########
#......# #......#
#......# ########


You could see a sky beast.

Vanquished Creatures
  2 iguanas
  A human skeleton (D:7)
  3 adders
  2 oozes (D:1)
  A worm (D:3)
  An orc (D:4)
  4 giant cockroaches
  4 goblins
  4 jackals (D:7)
  2 giant newts
  2 kobolds
  A rat (D:1)
27 creatures vanquished.

Notes
Turn   | Place    | Note
-------+----------+-------------------------------------------
     0 | D:1      | PurpleRed the Deep Elf Conjurer began the quest for the Orb.
     0 | D:1      | Reached XP level 1. HP: 10/10 MP: 6/6
    63 | D:1      | Reached XP level 2. HP: 14/15 MP: 1/8
    97 | D:1      | Learned a level 2 spell: Searing Ray
   142 | D:2      | Reached skill level 5 in Conjurations
   201 | D:4      | Found Kunia's Weapon Shoppe.
   238 | D:3      | Reached XP level 3. HP: 19/19 MP: 2/10
   429 | D:5      | Entered Level 5 of the Dungeon
   446 | D:5      | Found a shimmering altar of Xom.
   601 | D:6      | Reached XP level 4. HP: 24/24 MP: 8/12
   607 | D:6      | Learned a level 4 spell: Iskenderun's Mystic Blast
   653 | D:7      | Reached skill level 6 in Conjurations
   717 | D:7      | HP: 1/24 [human skeleton (7)]
   720 | D:7      | Reached XP level 5. HP: 1/28 MP: 8/13
   727 | D:7      | Learned a level 5 spell: Iskenderun's Battlesphere
   733 | D:7      | Noticed a centaur
   805 | D:5      | Noticed a sky beast
   810 | D:5      | Slain by a sky beast

Vault maps used:
D:1:      erik_arrival_gehennom, st_stairs_14
D:2:      minmay_door_path, ecumenical_altar_1, first_bread,
          minmay_crystal_water
D:4:      serial_shops, shop, shop, hangedman_decor_points
D:5:      lemuel_doored_altar
D:6:      grunt_temple_overflow_open, lemuel_coloured_pillars_altar
D:7:      lemuel_mausoleum_altar_yredelemnul, gammafunk_temple_overflow_claw,
          lightli_ossuary_entry_decrepit_ruins, serial_shops,
          nicolae_shop_waterfront, hangedman_decor_riveting, uniq_pikel,
          uniq_menkaure
D:8:      overflow_temple_1_default, serial_shops, shop, uniq_prince_ribbit1,
          uniq_erica

Skill      XL: |  1  2  3  4 |
---------------+-------------+-----
Conjurations   | 5 6 |  6.3
Spellcasting   | 4 |  4.6
Dodging        | |  2.4
Stealth        | |  2.4

Action                   |  1- 3 |  4- 6 || total
-------------------------+-------+-------++-------
Melee: Short sword       |     2 |       ||     2
       Flail             |     7 |    12 ||    19
       Staff             |       |     6 ||     6
 Cast: Magic Dart        |    21 |     2 ||    23
       Searing Ray       |     7 |     5 ||    12
  Use: Scroll            |     5 |       ||     5
 Stab: Sleeping          |     1 |     1 ||     2
Armor: Robe              |     1 |     4 ||     5
Dodge: Dodged            |     7 |    13 ||    20
